 Dungeon Crawl Stone Soup version 0.29-a0-330-g52719c12eb (webtiles) character file.

Game seed: 12897716452335730485

1714 spiderkeys the Covered (level 9, 0/77 HPs)
             Began as a Ghoul Abyssal Knight on Apr 13, 2022.
             Was an Elder of Lugonu.
             Slain by an orc warrior
             ... wielding a +0 dire flail
              (12 damage)
             ... on level 6 of the Dungeon.
             The game lasted 00:08:59 (6881 turns).

spiderkeys the Covered (Ghoul Abyssal Knight)       Turns: 6881, Time: 00:08:59

Health: 0/77       AC: 14    Str: 19    XL:     9   Next: 4%
Magic:  12/12      EV:  8    Int:  5    God:    Lugonu [****..]
Gold:   268        SH:  0    Dex: 11    Spells: 8/8 levels left

rFire   . . .      SeeInvis .     - Unarmed
rCold   + . .      Faith    +   (no shield)
rNeg    + + +      Spirit   .   d - +0 chain mail
rPois   ∞          Reflect  .   (no helmet)
rElec   .          Harm     .   M - +1 cloak
rCorr   .          Rampage  .   (no gloves)
Will    .....                   L - +0 pair of boots
Stlth   ..........              T - amulet of faith {!P}
HPRegen 0.00/turn               (no ring)
MPRegen 0.13/turn               (no ring)

@: inhibited regen
A: claws 1, cold resistance 1, negative energy resistance 3, inhibited
regeneration, torment resistance 2, devour on kill
a: Renounce Religion, Depart the Abyss, Bend Space, Banish, Corrupt


You were on level 6 of the Dungeon.
You worshipped Lugonu.
Lugonu was greatly pleased with you.
You visited 1 branch of the dungeon, and saw 6 of its levels.
You visited the Abyss 1 time.

You collected 268 gold pieces.


Innate Abilities, Weirdness & Mutations

You are immune to poison.
You have sharp fingernails.
Your flesh is cold resistant. (rC+)
You are immune to negative energy. (rN+++)
You do not regenerate when monsters are visible.
You are immune to unholy pain and torment.
You thrive by killing the living.


   Skills:
 + Level 6.3 Fighting
 * Level 6.7 Armour
 - Level 0.8 Dodging
 + Level 5.9 Unarmed Combat
 + Level 5.8 Invocations


You had 8 spell levels left.
You didn't know any spells.
Your spell library contained the following spells:

 Spells                   Type           Power      Damage    Failure   Level
 Olgreb's Toxic Radiance  Pois           0%         N/A       100%        4
 Irradiate                Conj/Tmut      0%         3d13      100%        5
 Orb of Destruction       Conj           0%         9d5       100%        7
 Ozocubu's Refrigeration  Ice            0%         4d5       100%        7
 Ignition                 Fire           0%         3d3       100%        8
 Lehudib's Crystal Spear  Conj/Erth      0%         10d2      100%        8

Inventory:

Missiles
 c - 136 stones
 h - 5 atropa-tipped darts
 y - 6 curare-tipped darts {=f}
 F - 6 poisoned darts
 J - 2 throwing nets {=f!f}
Armour
 d - a +0 chain mail (worn)
   (You found it on level 1 of the Dungeon)
 f - a +0 robe of fire resistance
   (You found it on level 5 of the Dungeon)
 k - a +0 robe
   (You found it on level 5 of the Dungeon)
 m - a +0 ring mail
   (You found it on level 5 of the Dungeon)
 q - a +0 robe
   (You took it off an orc wizard on level 5 of the Dungeon)
 s - a +0 robe
   (You took it off an orc wizard on level 5 of the Dungeon)
 t - a +0 robe
   (You took it off an orc wizard on level 5 of the Dungeon)
 v - a +0 leather armour
   (You took it off an orc on level 5 of the Dungeon)
 x - a +0 chain mail
   (You took it off an orc on level 5 of the Dungeon)
 A - a +0 robe
   (You took it off Blork the orc on level 5 of the Dungeon)
 B - a +0 scale mail
   (You took it off an orc on level 6 of the Dungeon)
 H - a +0 scale mail
   (You found it on level 6 of the Dungeon)
 L - a +0 pair of boots (worn)
   (You found it on level 4 of the Dungeon)
 M - a +1 cloak (worn)
   (You found it on level 4 of the Dungeon)
Jewellery
 T - an amulet of faith (around neck) {!P}
   (You found it on level 3 of the Dungeon)
Wands
 o - a wand of acid (10)
   (You found it on level 5 of the Dungeon)
 D - a wand of flame (9)
   (You found it on level 6 of the Dungeon)
Scrolls
 a - a scroll of holy word {!r}
 b - 2 scrolls of noise {!r}
 e - a scroll of fear
 j - 3 scrolls of fog
 u - 3 scrolls of identify {@r1}
 w - a scroll of immolation {!r!r}
 z - a scroll of blinking {!r}
Potions
 g - a potion of lignification {unknown}
 i - a potion of heal wounds {unknown}
 l - 2 potions of haste {@q3}
 n - 2 potions of cancellation {unknown}
 p - 2 potions of resistance {unknown}
 r - a potion of mutation {unknown}
 C - 2 potions of degeneration {unknown}
 E - a potion of invisibility {unknown}
 G - 2 potions of magic {unknown}
 I - a potion of attraction {unknown}

Dungeon Overview and Level Annotations

Branches:
Dungeon (6/15)
 Temple: D:4-7

Altars:
Nemelex Xobeh

Shops:
D:3 (

Annotations:
Abyss:1 Pikel

.....###..........#... ...#.#
#...######.#### ####)###.<.#
. ..........#### ### ..#
###.###......# .... ..
#.##..####.# ####
#.######.##..# #
.###....).......####.########
.........ooh@.............)..
.:..#....).o.#.#####.#....)..
# #.#####.##.# #...#####. #.
####.# #.. #) . #.# # #. ..
#.# #. #. #.# #. #$ .# #. #.


You could see an orc warrior, a hound and 2 orcs.


Message History

Key pressed, stopping explore.
Key pressed, stopping explore.
Found a stone staircase leading up. 😎 HP[+7]
Your hp is fully restored (77).
An orc wizard comes into view. It is wielding a +0 dagger of speed.
The orc wizard shouts!
An orc warrior comes into view. It is wielding a +0 dire flail.
An orc wizard and an orc come into view.
The orc wizard shouts!
The orc shouts!
The orc wizard casts a spell.
The orc wizard flickers and vanishes!
Deactivating autopickup; reactivate with Ctrl-A.
The orc wizard gestures at you while chanting.
The magic dart hits you! 😕 HP[-8]
You take 8 damage, and now have 69/77 hp.
You closely miss the orc wizard. Your claw misses the orc wizard.
An orc comes into view. It is wielding a +0 trident.
The orc shouts!
You scratch the orc warrior.
You scratch the orc warrior but do no damage.
The orc wizard points at you and mumbles some strange words.
The magic dart hits you.
The orc warrior hits you with a +0 dire flail! 😕 HP[-10]
You take 10 damage, and now have 59/77 hp.
You scratch the orc warrior but do no damage.
Your claw misses the orc warrior.
The orc warrior hits you with a +0 dire flail! 😮 HP[-7]
You take 7 damage, and now have 52/77 hp.
You are too injured to fight recklessly!
You are too injured to fight recklessly!
You are too injured to fight recklessly!
You closely miss the orc wizard.
A hound comes into view.
The orc wizard gestures at you while chanting.
The magic dart hits you. 😮 HP[-2]
You take 2 damage, and now have 50/77 hp.
You closely miss the orc wizard.
The hound barks!
You claw the orc wizard!
The orc wizard hits you with a +0 dagger of speed.
The orc warrior hits you with a +0 dire flail. 😮 HP[-4]
You take 4 damage, and now have 46/77 hp.
You claw the orc wizard!
You kill the orc wizard!
Lugonu accepts your kill.
You completely miss the orc warrior.
The orc warrior hits you but does no damage.
Something hits you. 😮 HP[-3]
You take 3 damage, and now have 43/77 hp.
You scratch the orc warrior. Something hits you. The orc misses you.
The orc warrior hits you but does no damage.
The orc hits you but does no damage. 😮 HP[-2]
You take 2 damage, and now have 41/77 hp.
You claw the orc warrior!
The orc hits you from afar with a +0 trident.
The orc warrior closely misses you.
The orc hits you but does no damage. 😮 HP[-1]
You take 1 damage, and now have 40/77 hp.
The hound bites you but does no damage. The orc hits you but does no damage.
The orc hits you with a +0 trident. Something hits you but does no damage.
The orc warrior hits you with a +0 dire flail!
* * * LOW HITPOINT WARNING * * *
The hound barely misses you. 😨 HP[-9]
You take 9 damage, and now have 31/77 hp.
The hound bites you but does no damage. The orc barely misses you.
Something hits you but does no damage.
The orc warrior hits you with a +0 dire flail!
* * * LOW HITPOINT WARNING * * *
The orc hits you with a +0 short sword.
* * * LOW HITPOINT WARNING * * *
😱 HP[-12]
You take 12 damage, and now have 19/77 hp.
The hound attacks as you move away! The hound bites you but does no damage.
The orc attacks as you move away! The orc barely misses you.
Something hits you but does no damage. The orc warrior barely misses you.
The hound bites you but does no damage. Something hits you.
* * * LOW HITPOINT WARNING * * *
The hound attacks as you move away!
The hound bites you but does no damage. 😱 HP[-1]
You take 1 damage, and now have 18/77 hp.
The hound closely misses you.
The orc warrior attacks as you move away!
The orc warrior hits you with a +0 dire flail.
* * * LOW HITPOINT WARNING * * *
😱 HP[-6]
You take 6 damage, and now have 12/77 hp.
The hound attacks as you move away! The hound barely misses you.
The orc warrior attacks as you move away!
The orc warrior hits you with a +0 dire flail!
You die...

Skill      XL: |  1  2  3  4  5  6  7  8 |
---------------+-------------------------+-----
Armour         | 2 3 4 5 6 |  6.7
Unarmed Combat | 3 4 5 |  5.9
Fighting       | 4 5 6 |  6.3
Invocations    | 3 4 5 |  5.8
Dodging        | |  0.8

Action                   |  1- 3 |  4- 6 |  7- 9 || total
-------------------------+-------+-------+-------++-------
Melee: Unarmed           |   125 |   200 |   231 ||   556
       Punch             |     2 |     4 |    10 ||    16
Invok: Bend Space        |       |     1 |       ||     1
       Banish            |       |       |     1 ||     1
  Use: Potion            |       |     1 |       ||     1
       Scroll            |       |     6 |     4 ||    10
Armor: Leather armour    |     7 |       |       ||     7
       Scale mail        |     4 |       |       ||     4
       Chain mail        |    71 |   151 |   115 ||   337
Dodge: Dodged            |    80 |    86 |    68 ||   234

Levels and vault maps discovered:
D:1:      wheals_arrival_shading, layout_loops_ring
D:2:      layout_rooms, serial_bayou_pond_c
D:3:      layout_rooms, serial_shops, nicolae_diamond_shop, minmay_cupped,
          uniq_sigmund
D:4:      layout_rooms, nemelex_xobeh_ov_fountains_minmay, uniq_pikel
D:5:      layout_loops_ring, uniq_blork_the_orc
D:6:      layout_loops_ring, uniq_menkaure

Notes
Turn   | Place    | Note
-------+----------+-------------------------------------------
     0 | Abyss:1  | spiderkeys the Ghoul Abyssal Knight began the quest for the
                  | Orb.
     0 | Abyss:1  | Reached XP level 1. HP: 19/19 MP: 1/1
     0 | Abyss:1  | magus.rc [v1.11.3]
     7 | D:1      | You pass through the gate.
     7 | D:1      | Escaped the Abyss
   118 | D:1      | You add the spells Olgreb's Toxic Radiance, Ozocubu's
                  | Refrigeration and Ignition to your library.
   178 | D:1      | Reached skill level 2 in Armour
   269 | D:1      | Reached XP level 2. HP: 18/26 MP: 2/2
   552 | D:1      | Reached XP level 3. HP: 31/31 MP: 3/3
  1041 | D:2      | Reached *** piety under Lugonu
  1654 | D:3      | Reached XP level 4. HP: 36/40 MP: 3/5
  1880 | D:3      | Reached skill level 3 in Armour
  1880 | D:3      | Reached skill level 3 in Unarmed Combat
  1880 | D:3      | Noticed Sigmund
  1903 | D:3      | HP: 9/40 [something (4)]
  2149 | D:3      | Killed Sigmund
  2150 | D:3      | Reached skill level 4 in Fighting
  2150 | D:3      | Reached skill level 3 in Invocations
  2150 | D:3      | Reached XP level 5. HP: 14/47 MP: 6/6
  2150 | D:3      | Reached XP level 6. HP: 16/53 MP: 7/7
  2433 | D:3      | Reached skill level 4 in Armour
  2851 | D:3      | Found Ijio's Antique Weapon Shop.
  2949 | D:3      | Reached **** piety under Lugonu
  3254 | D:4      | Found a sparkling altar of Nemelex Xobeh.
  3386 | D:4      | Noticed Pikel
  3417 | D:3      | Reached skill level 4 in Unarmed Combat
  3833 | D:4      | HP: 8/53 [gnoll/+1 halberd of protection (13)]
  4248 | D:4      | Reached XP level 7. HP: 44/60 MP: 8/8
  4263 | D:3      | Reached skill level 4 in Invocations
  4706 | D:4      | HP: 12/60 [Pikel/+2 whip of flaming (8)]
  4707 | D:4      | HP: 5/60 [Pikel/+2 whip of flaming (1)]
  4710 | D:4      | Banished Pikel
  4711 | D:4      | Reached skill level 5 in Fighting
  4711 | D:4      | Reached skill level 5 in Armour
  4711 | D:4      | Reached XP level 8. HP: 6/69 MP: 5/10
  5058 | D:4      | Reached skill level 5 in Unarmed Combat
  5283 | D:4      | You add the spells Irradiate, Orb of Destruction and
                  | Lehudib's Crystal Spear to your library.
  5283 | D:4      | Got the Disquisition on Attacks
  5441 | D:5      | Entered Level 5 of the Dungeon
  5464 | D:5      | Reached skill level 5 in Invocations
  5933 | D:5      | Reached skill level 6 in Armour
  5982 | D:5      | Reached skill level 6 in Fighting
  6470 | D:5      | Noticed Blork the orc
  6485 | D:5      | Killed Blork the orc
  6687 | D:6      | Reached XP level 9. HP: 70/75 MP: 12/12
  6876 | D:6      | HP: 19/77 [orc/+0 short sword (1)]
  6881 | D:6      | Slain by an orc warrior

Vanquished Creatures
  Sigmund (D:3)
  A sky beast (D:5)
  An ice beast (D:5)
  An ogre (D:5)
  A phantom (D:5)
  A centaur (D:4)
  3 lemures
  Blork the orc (D:5)
  A scorpion (D:4)
  A jelly (D:5)
  2 orc priests
  3 hounds
  An iguana (D:5)
  5 orc wizards
  5 adders
  4 gnolls
  2 white imps
  2 ufetubi (D:5)
  2 worms
  A dart slug (D:1)
  22 orcs
  6 bats
  5 endoplasms
  6 giant cockroaches
  9 goblins
  6 hobgoblins
  4 kobolds
  A quokka (D:1)
  8 ball pythons
  3 frilled lizards
  9 rats
118 creatures vanquished.

Vanquished Creatures (others)
  2 plants (D:2)
2 creatures vanquished.

Grand Total: 120 creatures vanquished

Table legend:
 A = Non-vault XP
 B = Vault XP
 C = Vault XP percentage of total XP
 D = Non-vault monster count
 E = Vault monster count
 F = Vault count percentage of total count
                 A         B        C        D         E       F
            +---------+---------+-------+---------+---------+-------
      Total |    1486 |     963 |  39.3 |     111 |       5 |   4.3
            +---------+---------+-------+---------+---------+-------
        D:1 |      41 |       0 |   0.0 |      23 |       0 |   0.0
        D:2 |      38 |       0 |   0.0 |      17 |       0 |   0.0
        D:3 |     217 |     226 |  51.0 |      28 |       3 |   9.7
        D:4 |     261 |     641 |  71.1 |      15 |       1 |   6.2
        D:5 |     828 |      96 |  10.4 |      21 |       1 |   4.5
        D:6 |     101 |       0 |   0.0 |       7 |       0 |   0.0
            +---------+---------+-------+---------+---------+-------

Illustrated notes

Table legend:
 A = Kills in this place as a percentage of kills in entire the game.
 B = Kills by you in this place as a percentage of kills by you in the entire game.
 C = Kills by friends in this place as a percentage of kills by friends in the entire game.
 D = Other kills in this place as a percentage of other kills in the entire game.
 E = Experience gained in this place as a percentage of experience gained in the entire game.
 F = Experience gained in this place divided by the number of levels of this place that you have seen.
                   A       B       C       D       E      F
               +-------+-------+-------+-------+-------+----------------------
         Total | 100.0 | 100.0 |   N/A | 100.0 | 100.0 | 349.9
       Dungeon | 100.0 | 100.0 |   N/A | 100.0 | 100.0 | 408.2
               +-------+-------+-------+-------+-------+----------------------

Table legend: (Time is in decaauts)
 A = Elapsed time spent in this place.
 B = Non-inter-level travel time spent in this place.
 C = Inter-level travel time spent in this place.
 D = Time resting spent in this place.
 E = Time spent auto-exploring this place.
 F = Levels seen in this place.
 G = Mean time per level.
                   A        B        C        D        E       F      G
               +--------+--------+--------+--------+--------+-----+--------+
         Total |   6836 |   6662 |    174 |   1916 |   3642 |   7 |  976.6 |
       Dungeon |   6829 |   6655 |    174 |   1916 |   3642 |   6 | 1138.2 |
         Abyss |      7 |      7 |      0 |      0 |      0 |   1 |    7.0 |
               +--------+--------+--------+--------+--------+-----+--------+

Top non-repeatable levels by time:
     D:3: 2760 daAuts
     D:5: 1218 daAuts
     D:2: 932 daAuts
     D:1: 922 daAuts
     D:4: 792 daAuts
     D:6: 204 daAuts
 Abyss:1: 7 daAuts
